 Dungeon Crawl Stone Soup version 0.31.0-9-g3a7656b989 (webtiles) character file.

Game seed: 2689293081391445475

56 qw the Shooter (level 3, -2/20 HPs)
             Began as a Deep Elf Hunter on Feb 2, 2024.
             Slain by Terence
             ... wielding a +0 hand axe
              (4 damage)
             ... on level 2 of the Dungeon.
             The game lasted 00:00:05 (1706 turns).

qw the Shooter (Deep Elf Hunter)                    Turns: 1706, Time: 00:00:06

Health: -2/20      AC:  6    Str: 10    XL:     3   Next: 71%
Magic:  5/5        EV:  9    Int: 13    God:
Gold:   94         SH:  0    Dex: 18    Spells: 2/2 levels left

rFire   . . .        a - +0 shortbow
rCold   . . .        (shield currently unavailable)
rNeg    . . .        f - +0 scale mail
rPois   .            (no helmet)
rElec   .            (no cloak)
rCorr   .            (no gloves)
SInv    .            (no boots)
Will    .....        (no amulet)
Stlth   +            (no ring)
HPRegen 0.23/turn    (no ring)
MPRegen 0.09/turn

%: no passive effects
@: no status effects
A: no striking features
a: no special abilities


You were on level 2 of the Dungeon.
You visited 1 branch of the dungeon, and saw 2 of its levels.

You collected 94 gold pieces.


   Skills:
 - Level 1.5 Fighting
 + Level 7.2 Ranged Weapons
 - Level 2.4 Dodging
 - Level 1.2 Stealth


You had 2 spell levels left.
You didn't know any spells.
Your spell library was empty.

Inventory:

Hand Weapons
 a - a +0 shortbow (weapon)
Armour
 f - a +0 scale mail (worn)
Jewellery
 c - a +4 ring of slaying {mikee}
Scrolls
 b - a scroll of summoning {unknown}
Potions
 d - a potion of enlightenment {unknown}
 e - a potion of heal wounds {unknown}
 g - a potion of curing {unknown}

Dungeon Overview and Level Annotations

Branches:
Dungeon (2/15)

Altars:

Annotations:
D:2 Terence


Message History

You now have 94 gold pieces (gained 11).
Found a stone staircase leading down.
There is a stone staircase leading down here.
You see here a frilled lizard skeleton.
Found a book of Scorching.
Terence the Incautious comes into view.
He is wielding a +0 hand axe.
Found 2 gold pieces.
Terence shouts!
You hear a shout!
You shoot an arrow. The arrow barely misses Terence.
You shoot an arrow. The arrow closely misses Terence.
A kobold comes into view. It is wielding a +0 club.
You shoot an arrow. The arrow hits Terence.
Terence is lightly wounded.
You shoot an arrow.
The arrow hits Terence but does no damage.
Terence is lightly wounded.
You shoot an arrow. The arrow hits Terence.
Terence is moderately wounded.
Terence hits you with a +0 hand axe. Terence hits you but does no damage.
The kobold hits you but does no damage.
You shoot an arrow. The arrow barely misses Terence.
Terence closely misses you. The kobold closely misses you.
You shoot an arrow. The arrow barely misses Terence.
Terence barely misses you. The kobold hits you but does no damage.
You shoot an arrow.
The arrow hits Terence but does no damage.
Terence is moderately wounded.
Terence barely misses you. The kobold hits you but does no damage.
Terence hits you with a +0 hand axe! The kobold closely misses you.
You shoot an arrow. The arrow hits Terence!
Terence is heavily wounded.
Terence hits you with a +0 hand axe. The kobold hits you but does no damage.
You shoot an arrow. The arrow barely misses Terence.
Terence hits you with a +0 hand axe. The kobold hits you but does no damage.
You shoot an arrow.
The arrow hits Terence but does no damage.
Terence is heavily wounded.
Terence hits you with a +0 hand axe.
You die...
Terence says, "That felt goooood."

....)..........#
........#.....##
..............##########
...............#........
...............#........
...............#........
......................:$
.........#...###.K......
#........#######@@......
##.####.........####.###
.....#..........#
.......#........#
................#
...777..........#
..7..77#........#
##77..77.......... 7#
7...7........#..


You could see Terence and a kobold.

Vanquished Creatures
  2 adders (D:2)
  A ribbon worm (D:2)
  2 endoplasms
  A giant cockroach (D:2)
  2 goblins
  5 hobgoblins
  4 jackals (D:2)
  3 kobolds
  2 quokkas
  3 ball pythons (D:1)
  3 bats
  4 frilled lizards (D:2)
  2 rats
34 creatures vanquished.

Notes
Turn   | Place    | Note
-------+----------+-------------------------------------------
     0 | D:1      | qw the Deep Elf Hunter began the quest for the Orb.
     0 | D:1      | Reached XP level 1. HP: 12/12 MP: 3/3
     0 | D:1      | 0 ||| qw: Version: 0.3-a-155-g5e7d8dd
     0 | D:1      | 0 ||| qw: Game counter: 1445
     0 | D:1      | 0 ||| qw: Melee chars always use a shield: true
     0 | D:1      | 0 ||| qw: God list: Okawaru
     0 | D:1      | 0 ||| qw: Allow faded altars: false
     0 | D:1      | 0 ||| qw: Do Orc after clearing Dungeon:15 true
     0 | D:1      | 0 ||| qw: Do second Lair branch before Depths: true
     0 | D:1      | 0 ||| qw: Lair rune preference: random
     0 | D:1      | 0 ||| qw: Goals: Normal
     0 | D:1      | 0 ||| PLANNING D:1-11
    84 | D:1      | You fall into a shaft and drop 1 floor!
   133 | D:2      | Reached skill level 6 in Ranged Weapons
   133 | D:2      | Reached XP level 2. HP: 14/16 MP: 4/4
   209 | D:2      | Reached XP level 3. HP: 20/20 MP: 5/5
   265 | D:2      | Found a faded altar of an unknown god.
   395 | D:2      | 395 ||| DROPPING scroll of butterflies.
   818 | D:1      | Reached skill level 7 in Ranged Weapons
  1430 | D:1      | 1430 ||| UPGRADING to +0 scale mail.
  1440 | D:1      | 1440 ||| DROPPING +0 leather armour.
  1441 | D:1      | 1441 ||| READING scroll labelled FIFOZU NIKA.
  1442 | D:1      | 1442 ||| READING scroll labelled EMEYFUL ZULE.
  1695 | D:2      | Noticed Terence
  1704 | D:2      | HP: 5/20 [Terence/+0 hand axe (5)]
  1705 | D:2      | HP: 1/20 [Terence/+0 hand axe (4)]
  1706 | D:2      | Slain by Terence

Levels and vault maps discovered:
D:1:      dpeg_arrival_round_a, layout_loops_corners, serial_rivers,
          chequers_serial_rivers_micro_d, chequers_serial_rivers_micro_e,
          chequers_serial_rivers_micro_e, chequers_serial_rivers_large_b,
          chequers_serial_rivers_small_a, chequers_serial_rivers_small_3
D:2:      layout_rooms, shapermc_ecumenical_altar_totnotflames, uniq_terence

Skill      XL: |  1  2  3 |
---------------+----------+-----
Ranged Weapons | 6 7 |  7.2
Fighting       | |  1.5
Dodging        | |  2.4
Stealth        | |  1.2

Action                     || total
---------------------------++-------
   Fire: Shortbow          ||   120
    Use: Scroll            ||     2
 Armour: Leather armour    ||    17
         Scale mail        ||    16
  Dodge: Dodged            ||    26

Table legend:
 A = Non-vault XP
 B = Vault XP
 C = Vault XP percentage of total XP
 D = Non-vault monster count
 E = Vault monster count
 F = Vault count percentage of total count
                 A         B        C        D         E       F
            +---------+---------+-------+---------+---------+-------
      Total |      81 |       0 |   0.0 |      34 |       0 |   0.0
            +---------+---------+-------+---------+---------+-------
        D:1 |      22 |       0 |   0.0 |      14 |       0 |   0.0
        D:2 |      59 |       0 |   0.0 |      20 |       0 |   0.0
            +---------+---------+-------+---------+---------+-------
